 Dungeon Crawl Stone Soup version 0.20-a0-1085-g627af9b (webtiles) character file.

11186 JiminyMac the Basher (level 11, -8/102 HPs)
             Began as a Minotaur Berserker on Apr 30, 2017.
             Was a High Priest of Trog.
             Mangled by an orc warrior
             ... wielding a +0 glaive
              (19 damage)
             ... on level 11 of the Dungeon on May 1, 2017.
             The game lasted 00:55:28 (12420 turns).

JiminyMac the Basher (Minotaur Berserker)          Turns: 12420, Time: 00:55:29

Health: -8/102     AC: 12    Str: 25    XL:     11   Next: 46%
Magic:  10/10      EV:  9    Int:  8    God:    Trog [*****.]
Gold:   811        SH:  0    Dex: 10    Spells: 10/10 levels left

rFire    . . .     SeeInvis .   s - +5 mace of Karma {freeze, *Corrode rN+ Int+4}
rCold    . . .     Gourm    .   (no shield)
rNeg     + . .     Faith    .   u - +2 chain mail {rPois}
rPois    +         Spirit   .   (helmet restricted)
rElec    .         Reflect  .   (no cloak)
rCorr    +         Harm     .   (no gloves)
MR       .....                  n - +2 pair of boots
Stlth    ..........             (no amulet)
Regen    0.3/turn               X - +3 ring of protection
MPRegen  0.2/turn               T - ring of resist corrosion

@: corroded, slowed, very slow
A: retaliatory headbutt, horns 2
a: Berserk, Trog's Hand, Brothers in Arms, Burn Spellbooks, Renounce Religion


You were on level 11 of the Dungeon.
You worshipped Trog.
Trog was extremely pleased with you.
You were hungry.

You visited 1 branch of the dungeon, and saw 11 of its levels.
You also visited: Sewer.

You collected 811 gold pieces.

Inventory:

Hand Weapons
 s - the +5 mace of Karma (weapon) {freeze, *Corrode rN+ Int+4}
   (You found it on level 4 of the Dungeon)

   It has been specially enchanted to freeze those struck by it, causing extra
   injury to most foes and up to half again as much damage against particularly
   susceptible opponents.
   It can also slow down cold-blooded creatures.
   It affects your intelligence (+4).
   It protects you from negative energy.
   It may corrode you when you take damage.
 J - a +2 war axe of chopping
 S - a +2 vampiric whip
 Z - a +2 longbow of flaming
Missiles
 Y - 66 arrows
Armour
 n - a +2 pair of boots (worn)
 u - a +2 chain mail of poison resistance (worn)
 D - a +0 plate armour
 N - a +4 chain mail of cold resistance
Jewellery
 G - an uncursed ring of fire
 H - an uncursed ring of protection from fire
 T - a ring of resist corrosion (right hand)
 X - a +3 ring of protection (left hand)
Wands
 C - a wand of iceblast (1/15)
 E - a wand of iceblast (4/15)
 F - a wand of acid (3/15)
 K - a wand of clouds (3/9)
 U - a wand of digging (10/24)
 V - a wand of random effects (27/48)
Scrolls
 b - 8 scrolls of teleportation
 d - 2 scrolls of immolation {unknown}
 i - 2 scrolls of blinking {unknown}
 j - 8 scrolls of remove curse
 k - 2 scrolls of recharging {unknown}
 l - 4 scrolls of magic mapping {unknown}
 q - 10 scrolls of identify
 r - 4 scrolls of enchant armour {unknown}
 y - 2 scrolls of enchant weapon {unknown}
 P - a scroll of acquirement {unknown}
 R - a scroll of amnesia {unknown}
Potions
 e - a potion of agility {unknown}
 g - 2 potions of haste {unknown}
 h - 4 potions of heal wounds {unknown}
 m - 3 potions of invisibility {unknown}
 o - a potion of cancellation {unknown}
 v - 2 potions of berserk rage {unknown}
 w - 2 potions of lignification {unknown}
 x - 7 potions of curing
 z - 5 potions of flight {unknown}
 A - 3 potions of mutation {unknown}
 O - 2 potions of brilliance {unknown}
 Q - a potion of might {unknown}
Books
 B - a book of the Warp

   Spells                             Type                      Level
   a - Gell's Gravitas                Translocation                3
   b - Portal Projectile              Hexes/Translocation          3
   c - Force Lance                    Conjuration/Translocation    4
   d - Dispersal                      Translocation                6
   e - Controlled Blink               Translocation                8
   f - Disjunction                    Translocation                8
   Trog disapproves of the use of such an item.
 I - a book of Necromancy

   Spells                             Type                      Level
   a - Pain                           Necromancy                   1
   b - Animate Skeleton               Necromancy                   1
   c - Vampiric Draining              Necromancy                   3
   d - Regeneration                   Charms/Necromancy            3
   e - Animate Dead                   Necromancy                   4
   f - Control Undead                 Necromancy                   4
   Trog disapproves of the use of such an item.
 L - a book of Misfortune

   Spells                             Type                      Level
   a - Confusing Touch                Hexes                        1
   b - Confuse                        Hexes                        3
   c - Gell's Gravitas                Translocation                3
   d - Petrify                        Transmutation/Earth          4
   e - Metabolic Englaciation         Hexes/Ice                    5
   f - Yara's Violent Unravelling     Hexes/Transmutation          5
   Trog disapproves of the use of such an item.
 M - a book of Minor Magic

   Spells                             Type                      Level
   a - Magic Dart                     Conjuration                  1
   b - Blink                          Translocation                2
   c - Call Imp                       Summoning                    2
   d - Slow                           Hexes                        2
   e - Conjure Flame                  Conjuration/Fire             3
   f - Mephitic Cloud                 Conjuration/Poison/Air       3
   Trog disapproves of the use of such an item.
Miscellaneous
 a - a sack of spiders
Comestibles
 c - 8 bread rations
 f - 4 royal jellies
 p - 4 meat rations
 t - 5 chunks of flesh
 W - 5 fruits


   Skills:
 + Level 11.2 Fighting
 - Level 6.9(11.3) Axes
 * Level 13.7(14.2) Maces & Flails
 + Level 11.2 Armour
 - Level 2.1 Dodging


You had 10 spell levels left.
You didn't know any spells.

Dungeon Overview and Level Annotations

Branches:
Dungeon (11/15)            Temple (0/1) D:7            Lair (0/6) D:9
    Orc (0/2) D:11

Altars:
Kikubaaqudgha
Yredelemnul

Shops:
D:11 :


Innate Abilities, Weirdness & Mutations

You reflexively headbutt those who attack you in melee.
You have a pair of horns on your head.


Message History

* * * LOW HITPOINT WARNING * * *
You hit the yak but do no damage. You headbutt the yak.
The yak is lightly wounded.
The yak barely misses you. The orc warrior barely misses you.
The orc hits you but does no damage. The yak closely misses you.
The yak gores you.
* * * LOW HITPOINT WARNING * * *
The yak gores you but does no damage. The yak barely misses you.
The yak barely misses you. The yak gores you but does no damage.
The orc warrior hits you but does no damage.
Things that are here:
a ring mail; a hand axe The yak barely misses you.
The yak gores you.
* * * LOW HITPOINT WARNING * * *
Your corrosive artefact corrodes you!
The orc barely misses you. The yak gores you.
* * * LOW HITPOINT WARNING * * *
There is a stone staircase leading up, spattered with blood here.
The orc warrior hits you from afar with a glaive!!
You die...

# #...# #...### ##
###....###### .#
#...........# #####
.#####...........###...#
...##......#...........#
...##........#.Y.......#
..............YY.......#
..............oY@..#...#
.....>........o...##...#
..........)......).....#
<#......##.............#
........##.............#
........##.....##.....##
........####...###...##
#.......# #...# #...#
#...#...## ##### #...#


You could see 4 yaks, an orc warrior and an orc.

Vanquished Creatures
  A hydra (D:10)
  3 two-headed ogres
  The ghost of three the Basher, a novice OgAs of Gozag (D:6)
  2 ugly things
  The ghost of JiminyMac the Cleaver, a novice MiBe of Trog (D:5)
  A yaktaur (D:11)
  A hippogriff (D:8)
  2 yaks
  A hungry ghost (D:11)
  Menkaure (D:5)
  A soldier ant (D:10)
  An acid dragon (D:11)
  A water moccasin (D:8)
  5 ice beasts
  2 sky beasts (D:8)
  A black bear (D:7)
  6 ogres
  4 orc warriors
  3 phantoms
  A necrophage (D:6)
  5 centaurs
  4 big kobolds
  3 bullfrogs
  A water moccasin zombie (D:11)
  2 scorpions
  8 killer bees
  5 wights (D:10)
  An electric eel (D:10)
  3 howler monkeys
  5 crimson imps
  A bullfrog zombie (D:8)
  9 hounds
  10 orc wizards
  Crazy Yiuf (D:4)
  5 orc priests
  A bullfrog skeleton (D:6)
  5 jellies
  Terence (D:2)
  8 iguanas
  8 worker ants
  Robin (D:2)
  15 gnolls
  13 adders
  A river rat (Sewer)
  7 shadow imps
  3 oozes
  3 adder skeletons
  2 worms
  A dart slug (D:2)
  14 leopard geckos
  29 orcs
  6 giant cockroaches
  13 goblins
  8 hobgoblins
  9 jackals
  3 quokkas
  10 bats
  4 frilled lizards
  A jackal zombie (D:5)
  23 kobolds
  10 rats
  3 fungi
  3 plants
307 creatures vanquished.

Vanquished Creatures (others)
  An orc (D:10)
  11 plants (D:10)
12 creatures vanquished.

Grand Total: 319 creatures vanquished

Notes
Turn   | Place    | Note
-------+----------+-------------------------------------------
     0 | D:1      | JiminyMac the Minotaur Berserker began the quest for the Orb.
     0 | D:1      | Reached XP level 1. HP: 19/19 MP: 0/0
   526 | D:1      | Reached XP level 2. HP: 27/27 MP: 1/1
   998 | D:2      | Reached XP level 3. HP: 33/33 MP: 2/2
  1300 | D:2      | Reached ** piety under Trog
  1535 | D:2      | Reached skill level 5 in Axes
  1542 | D:2      | Noticed Robin
  1562 | D:2      | Reached XP level 4. HP: 39/40 MP: 3/3
  1572 | D:2      | Killed Robin
  1782 | D:2      | Noticed Terence
  1795 | D:2      | Killed Terence
  2065 | D:2      | Reached XP level 5. HP: 37/47 MP: 4/4
  2279 | D:3      | Found an ancient bone altar of Kikubaaqudgha.
  2414 | D:3      | Found a glowing drain.
  2429 | Sewer    | Entered a sewer
  2552 | Sewer    | Reached skill level 5 in Fighting
  2625 | Sewer    | Found a white marble altar of Elyvilon.
  2745 | D:3      | Reached *** piety under Trog
  2883 | D:3      | Reached XP level 6. HP: 56/56 MP: 5/5
  2947 | D:3      | Lost intelligence.
  3798 | D:4      | Found a runed door.
  3799 | D:4      | Got an ancient mace
  3800 | D:4      | Identified the +5 mace of Karma {freeze, *Corrode rN+ Int+4} (You found it on level 4 of the Dungeon)
  3805 | D:4      | Noticed Crazy Yiuf
  3814 | D:4      | Killed Crazy Yiuf
  3962 | D:4      | Reached skill level 1 in Maces & Flails
  4220 | D:5      | Entered Level 5 of the Dungeon
  4225 | D:5      | Reached XP level 7. HP: 60/62 MP: 6/6
  4285 | D:5      | Reached skill level 2 in Maces & Flails
  4285 | D:5      | Reached skill level 5 in Armour
  4409 | D:5      | Noticed Menkaure
  4417 | D:5      | Killed Menkaure
  4417 | D:5      | Reached skill level 3 in Maces & Flails
  4533 | D:5      | Reached skill level 4 in Maces & Flails
  4746 | D:5      | Noticed JiminyMac's ghost (novice MiBe)
  4757 | D:5      | Killed JiminyMac's ghost
  4757 | D:5      | Reached skill level 5 in Maces & Flails
  4757 | D:5      | Reached XP level 8. HP: 66/71 MP: 7/7
  5074 | D:5      | Reached skill level 6 in Maces & Flails
  5230 | D:5      | Reached **** piety under Trog
  5636 | D:6      | Reached skill level 7 in Maces & Flails
  6162 | D:6      | Reached skill level 8 in Maces & Flails
  6162 | D:6      | Reached XP level 9. HP: 81/81 MP: 8/8
  6195 | D:6      | Noticed three's ghost (novice OgAs)
  6204 | D:6      | Killed three's ghost
  6347 | D:6      | Reached skill level 9 in Maces & Flails
  6787 | D:7      | Found a staircase to the Ecumenical Temple.
  6836 | D:7      | Reached ***** piety under Trog
  7199 | D:7      | Reached skill level 10 in Maces & Flails
  7757 | D:8      | Got a blackened dagger
  7758 | D:8      | Identified the +6 dagger "Afue" {flame, +Rage} (You found it on level 8 of the Dungeon)
  7937 | D:8      | Reached XP level 10. HP: 81/91 MP: 9/9
  8675 | D:9      | Reached skill level 11 in Maces & Flails
  8689 | D:9      | Noticed a two-headed ogre
  8733 | D:9      | Killed a two-headed ogre
  8779 | D:9      | Received a gift from Trog
  8969 | D:9      | Found a basalt altar of Yredelemnul.
  9235 | D:9      | Reached skill level 10 in Fighting
  9272 | D:9      | Found a staircase to the Lair.
  9299 | D:10     | Entered Level 10 of the Dungeon
  9360 | D:10     | Reached skill level 12 in Maces & Flails
  9568 | D:10     | Reached skill level 10 in Armour
  9774 | D:10     | Upgraded the game from 0.20-a0-1075-gc475d56 to 0.20-a0-1085-g627af9b
 10371 | D:10     | Noticed a two-headed ogre
 10383 | D:10     | Killed a two-headed ogre
 10507 | D:10     | Reached XP level 11. HP: 86/101 MP: 10/10
 11221 | D:11     | Noticed a red ugly thing
 11229 | D:11     | Killed a red ugly thing
 11234 | D:11     | Found a staircase to the Orcish Mines.
 11258 | D:11     | Noticed a five-headed hydra
 11288 | D:10     | Killed a five-headed hydra
 11288 | D:10     | Reached skill level 13 in Maces & Flails
 11622 | D:11     | Noticed a cyan ugly thing
 11992 | D:10     | Killed a cyan ugly thing
 12078 | D:11     | Found Liraecus's Book Emporium.
 12110 | D:11     | Noticed a two-headed ogre
 12139 | D:11     | Killed a two-headed ogre
 12420 | D:11     | Mangled by an orc warrior

Vault maps used:
D:1:      tarquinn_simple_flora_water_f, minmay_misc_feat_columns
D:2:      minmay_box_of_dots, uniq_robin, uniq_terence
D:3:      lemuel_crystal_altar, portal_sewer_entry_f
D:4:      kennysheep_generic_room_11, uniq_crazy_yiuf_cottage
D:5:      first_bread, uniq_menkaure
D:6:      nicolae_zen_rock_garden, kennysheep_generic_room_13
D:7:      minmay_temple_entry_water_ring
D:9:      lair_entry_dummy, basic_altar
D:10:     hangedman_fish_farm, chequers_big_river
D:11:     orc_0_dummy, serial_shops, kennysheep_little_box
Sewer:    sewer_kobolds

Skill      XL: |  1  2  3  4  5  6  7  8  9 10 11 |
---------------+----------------------------------+-----
Axes           | 4 5 6 |  6.9
Fighting       | 4 5 6 7 9 10 11 | 11.2
Armour         | 3 4 6 7 9 10 11 | 11.2
Maces & Flails | 1 5 8 10 12 13 | 13.7
Dodging        | |  2.1

Action                   |  1- 3 |  4- 6 |  7- 9 | 10-12 || total
-------------------------+-------+-------+-------+-------++-------
Melee: Hand axe          |   127 |   215 |       |       ||   342
       Headbutt          |    34 |    47 |    57 |    58 ||   196
       Mace              |       |    36 |   272 |   297 ||   605
Invok: Berserk           |       |     4 |     2 |     4 ||    10
  Use: Scroll            |       |     2 |       |     2 ||     4
  Eat: Chunk             |     2 |    13 |    10 |    10 ||    35
       Bread ration      |       |       |     2 |     2 ||     4
Armor: Animal skin       |     4 |       |       |       ||     4
       Leather armour    |    11 |       |       |       ||    11
       Scale mail        |     7 |    16 |       |       ||    23
       Chain mail        |       |   142 |   133 |   190 ||   465
Dodge: Dodged            |    41 |   124 |   103 |   136 ||   404
